Map: Mist Opportunities

Players

TrucEtrange

  • Race: Protoss Protoss
  • Spawn Location: 5:00

Araon

  • Race: Zerg Zerg
  • Spawn Location: 6:00

VOD

Have the link to the VOD?

Description

Time

  • Played on: March 5, 2024, 8:14 a.m.
  • Length: 30:02
Show
View Real Time Build Order
Export as new Build Order

TrucEtrange Protoss 

Build Orders:  

Get SALT Encoding   

  12  0:02  Probe (Chrono Boost)  
  13  0:13  Probe (Chrono Boost)  
  14  0:23  Probe (Chrono Boost)  
  15  0:34  Pylon  
  15  0:36  Probe (Chrono Boost)  
  16  0:45  Probe (Chrono Boost)  
  17  0:55  Probe (Chrono Boost)  
  18  1:05  Probe (Chrono Boost)  
  19  1:10  Assimilator  
  19  1:12  Assimilator  
  19  1:14  Probe (Chrono Boost)  
  20  1:26  Gateway  
  20  1:31  Probe (Chrono Boost)  
  20  1:37  Solar Efficiency Level 1  
  21  1:41  Probe (Chrono Boost)  
  22  1:51  Probe (Chrono Boost)  
  22  1:54  Pylon  
  23  2:00  Probe (Chrono Boost)  
  24  2:12  Probe (Chrono Boost)  
  25  2:27  Probe (Chrono Boost)  
  25  2:29  Unknown  
  26  2:30  Forge  
  26  2:34  Cybernetics Core  
  27  2:42  Probe (Chrono Boost)  
  27  2:43  Sentinel  
  27  2:56  Pylon  
  29  3:05  Sentinel  
  29  3:26  Sentinel  
  29  3:28  Twilight Council  
  31  3:30  Solar Efficiency Level 2  
  31  3:41  Forge  
  31  3:48  Sentinel  
  33  4:01  Unknown  
  35  4:11  Unknown x2  
  35  4:12  Unknown  
  35  4:13  Unknown  
  33  4:40  Robotics Facility  
  33  4:41  Robotics Facility  
  33  4:51  Solar Flare  
  33  5:09  Probe (Chrono Boost)  
  33  5:12  Probe (Chrono Boost)  
  33  5:15  Probe (Chrono Boost)  
  33  5:16  Pylon  
  33  5:18  Probe (Chrono Boost)  
  35  5:20  Pylon, Probe (Chrono Boost)  
  35  5:23  Probe (Chrono Boost)  
  35  5:26  Probe (Chrono Boost)  
  35  5:29  Unknown  
  34  6:04  Nexus  
  35  6:14  Probe (Chrono Boost)  
  35  6:28  Probe (Chrono Boost)  
  36  6:55  Unknown x2  
  36  6:56  Unknown  
  36  6:57  Unknown  
  36  7:09  Immortal  
  37  7:12  Immortal  
  37  7:14  Probe (Chrono Boost)  
  37  7:17  Assimilator  
  45  7:25  Assimilator  
  45  7:29  Probe (Chrono Boost)  
  46  7:32  Protoss Ground Weapons Level 1  
  47  7:44  Probe (Chrono Boost)  
  47  7:58  Probe (Chrono Boost)  
  48  8:01  Probe (Chrono Boost)  
  50  8:11  Probe (Chrono Boost), Advanced Repair Systems  
  50  8:13  Probe (Chrono Boost)  
  51  8:20  Probe (Chrono Boost)  
  51  8:28  Probe (Chrono Boost)  
  51  8:29  Unknown  
  53  8:30  Probe (Chrono Boost)  
  52  8:40  Probe (Chrono Boost)  
  52  8:41  Immortal x2  
  52  8:43  Probe (Chrono Boost)  
  52  8:49  Unknown  
  52  8:50  Immortal x2, Unknown x2  
  52  8:51  Unknown  
  52  8:57  Probe (Chrono Boost)  
  53  9:09  Robotics Bay  
  61  9:22  Probe (Chrono Boost)  
  61  9:25  Probe (Chrono Boost)  
  61  9:28  Probe (Chrono Boost)  
  70  9:41  Unknown  
  70  9:52  Immortal x2  
  70  9:55  Rapid Recharging  
  70  9:58  Pylon  
  70  9:59  Pylon  
  78  10:00  Pylon  
  78  10:04  Solar Efficiency Level 3  
  78  10:09  Shadow Cannon  
  78  10:28  Energizer  
  80  11:00  Energizer  
  80  11:03  Immortal  
  80  11:04  Immortal  
  90  11:24  Pylon  
  90  11:27  Pylon  
  90  11:29  Unknown  
  90  11:30  Pylon  
  90  11:32  Energizer  
  90  11:37  Pylon  
  92  11:50  Probe (Chrono Boost)  
  92  11:51  Immortal, Probe (Chrono Boost)  
  92  11:52  Immortal  
  101  12:04  Energizer  
  104  12:10  Probe (Chrono Boost)  
  104  12:11  Probe (Chrono Boost)  
  104  12:25  Probe (Chrono Boost)  
  104  12:26  Probe (Chrono Boost)  
  106  12:36  Energizer  
  106  12:37  Immortal x2  
  108  12:40  Probe x2 (Chrono Boost)  
  108  12:47  Immortal x2, Unknown  
  108  12:49  Unknown  
  116  12:50  Unknown x2  
  116  12:54  Probe (Chrono Boost)  
  116  12:55  Probe (Chrono Boost)  
  116  12:59  Unknown  
  115  13:09  Probe (Chrono Boost)  
  117  13:10  Probe (Chrono Boost)  
  117  13:22  Probe (Chrono Boost)  
  117  13:23  Probe (Chrono Boost)  
  117  13:25  Probe (Chrono Boost)  
  117  13:26  Probe (Chrono Boost)  
  116  13:31  Immortal  
  124  14:09  Unknown  
  94  14:12  Unknown  
  94  14:13  Unknown  
  94  14:14  Unknown x2  
  94  14:17  Immortal  
  94  14:19  Immortal  
  64  14:31  Protoss Ground Weapons Level 2  
  64  14:40  Energizer  
  66  15:05  Immortal  
  66  15:07  Immortal  
  68  15:10  Probe (Chrono Boost)  
  68  15:11  Probe (Chrono Boost)  
  68  15:12  Energizer  
  68  15:19  Unknown  
  78  15:25  Probe (Chrono Boost)  
  78  15:26  Probe (Chrono Boost)  
  77  15:40  Probe (Chrono Boost)  
  77  15:41  Probe (Chrono Boost)  
  77  15:44  Energizer, Unknown  
  77  15:45  Unknown  
  77  15:46  Unknown x2  
  78  15:52  Immortal  
  78  15:54  Immortal  
  78  15:55  Probe x2 (Chrono Boost)  
  79  16:09  Probe (Chrono Boost)  
  89  16:10  Probe (Chrono Boost)  
  89  16:16  Energizer  
  87  16:29  Unknown  
  87  16:37  Unknown  
  87  16:38  Unknown  
  87  16:39  Unknown x2  
  87  16:40  Immortal x2  
  87  16:48  Energizer  
  95  16:50  Immortal x2  
  91  17:03  Energizer  
  93  17:30  Unknown  
  93  17:31  Unknown  
  93  17:32  Immortal x2, Unknown x2  
  93  17:39  Unknown  
  101  17:49  Energizer  
  101  17:51  Pylon  
  101  17:54  Pylon  
  101  17:57  Pylon  
  111  18:00  Pylon  
  111  18:12  Pylon  
  111  18:15  Pylon  
  111  18:19  Pylon, Immortal x2  
  105  18:21  Energizer  
  105  18:22  Pylon  
  105  18:23  Unknown  
  105  18:24  Unknown  
  105  18:25  Unknown x2  
  115  18:31  Pylon  
  115  18:36  Pylon  
  113  18:41  Pylon  
  113  18:49  Unknown  
  112  18:53  Energizer  
  114  19:07  Immortal x2  
  114  19:09  Unknown x3  
  114  19:10  Unknown  
  120  19:39  Unknown  
  118  19:57  Unknown x3  
  118  19:58  Unknown  
  116  20:20  Immortal  
  116  20:21  Immortal  
  116  20:25  Energizer  
  116  20:29  Unknown  
  122  20:47  Immortal x2  
  122  20:56  Immortal x2  
  122  20:57  Energizer  
  122  21:05  Energizer  
  124  21:12  Energizer  
  124  21:16  Unknown  
  124  21:17  Unknown x2  
  124  21:18  Energizer, Unknown  
  124  21:19  Unknown  
  132  21:24  Immortal x2  
  144  21:55  Unknown x2  
  98  22:04  Unknown  
  98  22:05  Unknown x2  
  98  22:11  Immortal  
  98  22:12  Immortal  
  106  22:35  Energizer  
  104  22:42  Protoss Ground Weapons Level 3  
  104  22:59  Immortal x2  
  104  23:07  Energizer  
  114  23:34  Pylon  
  114  23:36  Pylon  
  114  23:38  Robotics Facility  
  114  23:39  Energizer  
  114  23:40  Gateway  
  114  23:47  Immortal x2  
  124  24:11  Energizer  
  124  24:15  Charge  
  126  24:35  Immortal x2  
  126  24:38  Immortal  
  126  24:39  Phase Detonation  
  126  24:43  Energizer, Sentinel  
  142  24:50  Protoss Ground Armor Level 1  
  142  25:15  Energizer  
  142  25:16  Sentinel  
  142  25:23  Immortal x2  
  142  25:25  Immortal  
  146  25:34  Immortal x2  
  146  25:35  Immortal  
  158  25:44  Sentinel, Immortal x3, Energizer  
  158  25:50  Sentinel x2  
  158  25:56  Sentinel  
  158  25:57  Sentinel  
  162  26:05  Sentinel  
  162  26:08  Sentinel  
  166  26:26  Immortal  
  180  27:05  Immortal  
  180  27:06  Immortal  
  180  27:14  Immortal  
  192  27:53  Immortal  
  192  27:54  Immortal  
Show
View Real Time Build Order
Export as new Build Order

Araon Zerg 

Build Orders:  

Get SALT Encoding   

  6  0:06  Drone x2  
  6  0:14  Drone x2  
  8  0:23  Drone x2  
  9  0:37  Drone x2  
  9  0:38  Extractor  
  8  0:45  Drone x2  
  10  1:10  Spawning Pool  
  10  1:14  Drone x2  
  11  1:24  Centrifugal Hooks  
  11  1:25  Drone x2  
  11  1:28  Extractor  
  11  1:49  Baneling Nest  
  11  1:51  Drone x2  
  11  1:52  Drone x2  
  13  2:07  Overlord  
  13  2:09  Drone x2  
  14  2:39  Swarmling x4  
  18  2:40  Swarmling x4  
  22  3:15  Metabolic Boost  
  22  3:20  Lair  
  22  3:29  Zerg Ground Armor Level 1  
  22  3:39  Evolution Chamber  
  21  3:41  Evolution Chamber  
  22  3:50  Corrosive Acid  
  22  3:59  Unknown  
  22  4:25  Overlord  
  22  4:26  Overlord x2, Hatchery  
  22  4:27  Overlord x3  
  22  4:28  Extractor  
  22  4:32  Hardened Carapace  
  22  4:33  Extractor  
  48  5:45  Unknown  
  48  5:46  Unknown  
  48  5:47  Unknown  
  48  5:48  Unknown  
  51  6:09  Unknown  
  49  6:28  Zerg Ground Armor Level 2  
  21  6:57  Drone x24  
  21  6:59  Unknown  
  38  7:25  Hive  
  41  7:56  Scourge Nest  
  41  8:07  Rupture  
  41  8:09  Unknown x2  
  45  8:10  Unknown x2  
  47  8:33  Shredding Claws  
  47  8:36  Simplified Genome  
  47  8:38  Adrenal Overload  
  49  8:47  Virulent Spores  
  50  8:55  Unknown  
  40  9:10  Scourge x4  
  43  9:21  Scourge x4  
  43  9:24  Scourge x4  
  43  9:28  Scourge x4  
  45  9:31  Scourge x4  
  45  9:34  Scourge x2  
  45  9:35  Scourge x2  
  45  9:36  Unknown  
  45  9:38  Scourge  
  75  9:52  Overlord x4  
  75  9:53  Overlord x4, Overseer  
  75  9:54  Overlord  
  75  9:56  Zerg Ground Armor Level 3, Scourge  
  75  9:57  Scourge x3  
  75  9:59  Unknown  
  75  10:13  Scourge x4  
  77  10:21  Zerg Flyer Weapons Level 1  
  83  10:30  Scourge x4  
  75  10:47  Scourge x4  
  52  11:04  Unknown x2, Scourge x4  
  52  11:06  Unknown x2  
  56  11:21  Scourge x4  
  56  11:24  Swarmling x8  
  56  11:25  Swarmling x16  
  60  11:38  Scourge x3  
  60  11:39  Scourge  
  66  11:51  Unknown  
  66  11:55  Scourge  
  66  11:56  Scourge x3  
  77  12:13  Scourge x4  
  73  12:30  Scourge x4  
  73  12:34  Swarmling x4  
  73  12:35  Swarmling x44  
  83  12:47  Scourge x4  
  76  12:59  Unknown  
  78  13:04  Scourge x4  
  72  13:20  Scourge x4  
  72  13:23  Scourge x4  
  72  13:27  Scourge x4  
  69  13:30  Scourge x4  
  69  13:34  Scourge x4  
  69  13:37  Scourge x4  
  87  13:44  Scourge x2  
  87  13:45  Scourge x2  
  101  14:02  Scourge x4  
  101  14:03  Unknown  
  101  14:04  Unknown  
  101  14:09  Unknown  
  98  14:13  Unknown  
  98  14:14  Unknown  
  98  14:19  Scourge x4  
  81  14:22  Unknown  
  81  14:23  Unknown  
  63  14:36  Scourge x4  
  47  14:48  Hatchery  
  51  14:51  Hatchery  
  51  14:52  Hatchery  
  51  14:53  Scourge x4  
  50  15:04  Swarmling x8  
  50  15:05  Swarmling x40  
  78  15:10  Scourge x4  
  78  15:19  Unknown  
  76  15:27  Scourge x4  
  79  15:43  Unknown  
  79  15:44  Unknown x2, Scourge x4  
  79  15:45  Unknown  
  83  15:59  Drone x4  
  89  16:01  Scourge x2  
  89  16:02  Scourge x2  
  89  16:03  Scourge x6  
  89  16:04  Scourge x3  
  89  16:06  Swarmling x4, Scourge x6  
  89  16:07  Swarmling x20  
  89  16:08  Swarmling x4  
  89  16:09  Swarmling x4  
  94  16:19  Scourge x4  
  59  16:29  Unknown  
  53  16:36  Swarmling x4, Scourge x4  
  53  16:37  Swarmling x12  
  53  16:38  Swarmling x8  
  67  16:44  Unknown  
  67  16:45  Unknown  
  67  16:46  Unknown  
  65  16:53  Scourge x4  
  65  16:59  Unknown  
  61  17:00  Unknown  
  60  17:10  Scourge x4  
  60  17:17  Unknown x2  
  60  17:18  Unknown  
  60  17:19  Unknown  
  57  17:24  Scourge x4  
  57  17:27  Scourge x4  
  60  17:31  Scourge x4  
  60  17:34  Scourge x4  
  60  17:38  Scourge x4  
  60  17:39  Unknown  
  47  17:41  Scourge x4  
  57  17:50  Swarmling x16, Scourge x2  
  57  17:51  Swarmling x68, Scourge x2  
  57  17:52  Swarmling x12, Scourge x3  
  57  17:53  Swarmling x16  
  57  17:54  Swarmling x4  
  123  18:08  Scourge x4  
  121  18:25  Scourge x4  
  126  18:31  Unknown  
  126  18:32  Unknown  
  126  18:33  Unknown  
  126  18:34  Unknown  
  131  18:42  Scourge x4  
  131  18:44  Swarmling x4  
  131  18:45  Swarmling x48  
  131  18:46  Swarmling x24  
  131  18:49  Unknown  
  147  18:59  Unknown, Scourge x4  
  135  19:00  Unknown  
  135  19:01  Unknown x2  
  89  19:16  Scourge x4  
  68  19:33  Scourge x4  
  68  19:39  Unknown  
  43  19:50  Scourge x4  
  39  20:07  Scourge x2  
  39  20:08  Scourge x2  
  42  20:17  Unknown  
  42  20:18  Unknown x2  
  42  20:19  Unknown  
  36  20:25  Scourge x4  
  36  20:28  Unknown  
  36  20:29  Unknown  
  39  20:42  Scourge x4  
  34  20:59  Scourge x4  
  34  21:16  Scourge x4  
  34  21:18  Unknown  
  34  21:19  Unknown x2  
  35  21:20  Unknown x2  
  35  21:24  Swarmling x4  
  35  21:25  Swarmling x24  
  35  21:26  Swarmling x68, Scourge x4  
  35  21:27  Swarmling x24  
  130  21:30  Scourge x4  
  94  21:33  Scourge x4  
  94  21:36  Scourge x2  
  94  21:37  Scourge x2  
  101  21:40  Scourge x4  
  101  21:43  Scourge x4  
  116  21:50  Unknown  
  116  21:51  Unknown x3  
  116  21:56  Scourge x2  
  116  21:57  Scourge x2  
  119  22:13  Scourge x3  
  119  22:14  Scourge x31  
  119  22:15  Scourge x24  
  147  22:21  Overlord x2  
  147  22:22  Overlord  
  150  22:31  Scourge x4  
  146  22:48  Scourge  
  149  25:08  Scourge x2  
  149  25:09  Scourge  
  149  25:16  Scourge  
  149  25:25  Scourge  
  149  25:32  Scourge x3  
  149  25:56  Scourge  
  149  26:07  Scourge  
  149  26:15  Scourge  
  149  26:19  Scourge  
  149  26:21  Scourge  
  150  26:42  Scourge  
  150  26:45  Scourge  
  162  26:50  Scourge  
  150  27:09  Scourge  
  150  27:41  Scourge  
  150  27:42  Scourge x3  
  150  27:58  Scourge x2  
  150  27:59  Scourge x2  
  149  28:16  Scourge x4  
  147  28:33  Scourge  
  150  29:35  Scourge x2  
  150  29:36  Scourge x2  
Tags
 
Add a new tag
Caveats
  • Supply blocks, unpowered buildings, or Contaminate may cause inaccurate times.
  • Supply counts are checked every 10 seconds.